 Dungeon Crawl Stone Soup version 0.26-a0-652-gafc20e3620 (webtiles) character file.

Game seed: 8034824097677648220

11887 jasper the Zephyrmancer (level 11, -2/64 HPs)
             Began as a Tengu Air Elementalist on Oct 3, 2020.
             Was a High Priest of Cheibriados.
             Killed from afar by an ice dragon (54 damage)
             ... with a blast of cold
             ... on level 1 of the Lair of Beasts.
             The game lasted 00:39:06 (16304 turns).

jasper the Zephyrmancer (Tengu Air Elementalist)   Turns: 16304, Time: 00:39:06

Health: -2/64      AC: 14    Str: 22    XL:     11   Next: 84%
Magic:  20/20      EV: 20    Int: 37    God:    Cheibriados [*****.]
Gold:   556        SH:  7    Dex: 27    Spells: 13/21 levels left

rFire    . . .     SeeInvis .   b - +0 dagger (flame)
rCold    . . .     Faith    .   V - +0 buckler
rNeg     . . .     Spirit   .   M - +2 swamp dragon scales
rPois    +         Reflect  .   k - +2 hat
rElec    +         Harm     .   R - +0 cloak {rPois}
rCorr    .         Rampage  .   U - +0 pair of gloves {Str+3}
MR       .....                  (boots unavailable)
Stlth    ++........             (no amulet)
HPRegen  0.20/turn              q - +6 ring of intelligence
MPRegen  0.17/turn              C - ring of the Lotus Blossom {rElec rPois Dex+2}

@: about to teleport, flying quickly and evasively, studying Throwing, very slow
A: beak, talons 3, able to fly
a: Stop Flying, Bend Time, Temporal Distortion, Slouch, Step From Time, Renounce
Religion


You were on level 1 of the Lair of Beasts.
You worshipped Cheibriados.
Cheibriados was extremely pleased with you.
You visited 4 branches of the dungeon, and saw 14 of its levels.
You also visited: Bailey.

You collected 855 gold pieces.
You spent 299 gold pieces at shops.

Inventory:

Hand Weapons
 b - a +0 dagger of flaming (weapon)
 p - a +0 great mace of holy wrath
Missiles
 F - 6 throwing nets (quivered)
Armour
 k - a +2 hat (worn)
 M - +2 swamp dragon scales (worn)
 R - a +0 cloak of poison resistance (worn)
 U - a +0 pair of gloves of strength (worn)
 V - a +0 buckler (worn)
Jewellery
 a - an uncursed ring of see invisible {unknown}
 q - a +6 ring of intelligence (left hand)
 t - an uncursed ring of protection from fire
 C - the ring of the Lotus Blossom (right hand) {rElec rPois Dex+2}
   (You found it on level 6 of the Dungeon)

   [ring of poison resistance]

   It affects your dexterity (+2).
   It insulates you from electricity.
   It protects you from poison.
 D - an uncursed ring of stealth
 H - an uncursed ring of protection from cold
 N - a +6 ring of intelligence
 Q - an uncursed ring of flight
 Z - an uncursed ring of positive energy {unknown}
Wands
 m - a wand of iceblast (22)
 O - a wand of digging (9)
 P - a wand of polymorph (2)
 S - a wand of acid (7)
 W - a wand of disintegration (4)
Scrolls
 e - 2 scrolls of random uselessness
 i - 3 scrolls of remove curse
 n - 4 scrolls of teleportation
 r - a scroll of enchant weapon
 v - 2 scrolls of magic mapping
 w - a scroll of immolation
 B - 2 scrolls of amnesia {unknown}
 G - 2 scrolls of fog {unknown}
 J - 6 scrolls of blinking
 T - a scroll of fear {unknown}
Potions
 c - a potion of heal wounds
 d - 5 potions of flight
 f - 2 potions of degeneration
 g - a potion of haste
 h - 2 potions of berserk rage
 j - 2 potions of might
 o - 4 potions of curing
 u - 3 potions of mutation
 x - 2 potions of stabbing
 A - 3 potions of lignification {unknown}
 I - a potion of brilliance {unknown}
 L - a potion of cancellation {unknown}
Books
 s - a manual of Throwing
Miscellaneous
 Y - a condenser vane (2/2)


   Skills:
 + Level 5.7 Fighting
 - Level 4.0 Armour
 + Level 6.0 Dodging
 - Level 2.4 Stealth
 - Level 4.0 Shields
 + Level 5.9 Spellcasting
 * Level 10.4 Conjurations
 * Level 11.0 Air Magic
 - Level 8.4 Invocations


You had 13 spell levels left.
You knew the following spells:

 Your Spells              Type           Power        Failure   Level
a - Shock                 Conj/Air       ####         1%          1
b - Swiftness             Air            #######.     1%          2
c - Lightning Bolt        Conj/Air       ######....   1%          5

Your spell library contained the following spells:

 Spells                   Type           Power        Failure   Level
 Static Discharge         Conj/Air       ######..     1%          3
 Airstrike                Air            #######...   1%          4


Dungeon Overview and Level Annotations

Branches:
Dungeon (11/15)            Temple (1/1) D:6            Lair (1/6) D:10
    Orc (1/2) D:11         Bailey (visited)

Altars:
Cheibriados
Dithmenos
Elyvilon
Hepliaklqana
Kikubaaqudgha
Makhleb
Nemelex Xobeh
Okawaru
Qazlal
Sif Muna
Trog
Uskayaw
Vehumet
Wu Jian
Xom
Yredelemnul
Beogh

Shops:
D:4 }   D:11 [

Annotations:
D:3 1 exclusion


Innate Abilities, Weirdness & Mutations

You have a beak for a mouth.
You have claws for feet.
You can fly continuously.


Message History

Unknown command.
Casting: Shock (safe; 1% risk of failure)
Confirm with . or Enter, or press ? or * to list all spells.
Okay, then.
Throwing (i - inventory)
F - 7 throwing nets (quivered)
Press: ? - help, Shift-Dir - straight line, f - ice dragon
Aim: an ice dragon (immune to nets)
You throw a throwing net. The throwing net hits the ice dragon.
The ice dragon is too large for the net to hold!
You hear a splash.
The ice dragon breathes frost at you. The blast of cold hits you!!
As you read the scroll of teleportation, it crumbles to dust.
You feel strangely unstable.
You feel much better.
The ice dragon is engulfed in freezing vapours.
The ice dragon breathes frost at you. The blast of cold hits you!!!
Ouch! That really hurt!
You die...

#### ###≈≈≈#
###..≈≈≈≈. ##....≈≈(..
###......D≈≈.
#####.........≈≈≈
######........@....≈≈≈
#
#......#####........≈≈
###.###### ##.......≈≈
##..# ####...≈≈≈ ##.##
#####≈ ##.#### ##....#
#####.# #####.#######


You could see an ice dragon (catching breath).

Vanquished Creatures
  An orc knight (D:11)
  Pikel (D:6)
  An ugly thing (D:10)
  An oklob plant (D:10)
  2 black mambas (Lair:1)
  Maggie (D:7)
  A rime drake (Lair:1)
  A troll (D:11)
  A hornet (D:11)
  4 hippogriffs
  A wraith (D:11)
  Menkaure (D:7)
  A steam dragon (D:9)
  2 water moccasins (Lair:1)
  A porcupine (Lair:1)
  5 orc warriors
  4 sky beasts
  2 black bears
  A phantom (D:4)
  7 centaurs
  An ice beast (D:9)
  A necrophage (D:10)
  4 ogres
  3 crocodiles
  11 gnoll sergeants
  6 bullfrogs
  A wyvern zombie (D:7)
  A wyvern skeleton (D:5)
  2 scorpions
  6 killer bees
  4 wights (D:10)
  3 electric eels
  4 jellies
  8 howler monkeys
  A centaur zombie (D:11)
  3 bullfrog zombies
  A quasit (D:5)
  2 bullfrog skeletons
  9 gnoll shamans
  8 orc priests
  14 hounds
  7 orc wizards
  5 iguanas
  7 worker ants
  A killer bee zombie (D:5)
  A howler monkey skeleton (D:9)
  11 adders
  34 gnolls
  A shadow imp (D:9)
  A white imp (D:6)
  2 oozes
  2 ufetubi
  2 adder zombies
  2 adder skeletons
  2 worms
  5 dart slugs
  4 leopard geckos
  51 orcs
  5 ball pythons
  7 giant cockroaches
  10 goblins
  6 hobgoblins
  9 jackals
  A quokka (D:6)
  10 bats
  6 frilled lizards
  A jackal skeleton (D:4)
  4 kobolds (D:1)
  A quokka zombie (D:9)
  8 rats
338 creatures vanquished.

Vanquished Creatures (others)
  Maurice (D:9)
  An orc (D:7)
  7 fungi (Lair:1)
  18 plants
27 creatures vanquished.

Grand Total: 365 creatures vanquished

Notes
Turn   | Place    | Note
-------+----------+-------------------------------------------
     0 | D:1      | jasper the Tengu Air Elementalist began the quest for the
                  | Orb.
     0 | D:1      | Reached XP level 1. HP: 10/10 MP: 4/4
   215 | D:1      | Reached XP level 2. HP: 16/16 MP: 4/6
   271 | D:1      | Learned a level 2 spell: Swiftness
   743 | D:1      | Reached XP level 3. HP: 20/20 MP: 4/7
  1088 | D:2      | Found an ancient bone altar of Kikubaaqudgha.
  1250 | D:2      | Reached skill level 1 in Fighting
  1544 | D:2      | Found a shimmering blue altar of Sif Muna.
  1608 | D:2      | Reached XP level 4. HP: 25/25 MP: 1/8
  2190 | D:3      | Reached skill level 5 in Air Magic
  2456 | D:3      | Gained mutation: You can fly continuously. [Tengu growth]
  2456 | D:3      | Reached XP level 5. HP: 29/29 MP: 5/9
  2558 | D:3      | Learned a level 5 spell: Lightning Bolt
  2832 | D:4      | Reached XP level 6. HP: 29/35 MP: 9/11
  3052 | D:4      | Noticed a +0 hand axe
  3053 | D:4      | Found a hide-covered altar of Uskayaw.
  3053 | D:4      | Noticed a +0 hand axe
  3071 | D:4      | Found Fatedit's Gadget Emporium.
  3103 | D:4      | Reached skill level 6 in Air Magic
  3360 | D:4      | Noticed a phantom
  3378 | D:4      | Killed a phantom
  3378 | D:4      | Reached skill level 5 in Conjurations
  3378 | D:4      | Reached XP level 7. HP: 33/40 MP: 5/12
  3556 | D:5      | Entered Level 5 of the Dungeon
  4294 | D:5      | Reached skill level 7 in Air Magic
  4826 | D:5      | Reached XP level 8. HP: 46/46 MP: 7/14
  5270 | D:5      | Found a burning altar of Makhleb.
  5271 | D:5      | Found an ornate altar of the Wu Jian Council.
  5346 | D:5      | Found a shadowy altar of Dithmenos.
  5572 | D:6      | Found a staircase to the Ecumenical Temple.
  5587 | Temple   | Entered the Ecumenical Temple
  5608 | Temple   | Became a worshipper of Cheibriados the Contemplative
  6001 | D:6      | Reached skill level 8 in Air Magic
  6200 | D:6      | Reached skill level 1 in Invocations
  6370 | D:6      | Got a bound glass ring
  6372 | D:6      | Identified the ring of the Lotus Blossom {rElec rPois
                  | Dex+2} (You found it on level 6 of the Dungeon)
  6534 | D:7      | Found a flagged portal.
  6569 | Bailey   | Entered a bailey
  6579 | Bailey   | Reached * piety under Cheibriados
  7230 | Bailey   | Reached XP level 9. HP: 47/51 MP: 6/16
  7848 | Bailey   | Reached skill level 5 in Invocations
  8679 | D:7      | Noticed Menkaure
  8687 | D:7      | Killed Menkaure
  8687 | D:7      | Reached ** piety under Cheibriados
  9027 | D:7      | Noticed Maggie
  9037 | D:7      | Killed Maggie
  9179 | D:7      | Noticed Pikel
  9371 | D:7      | Reached XP level 10. HP: 39/56 MP: 17/17
  9668 | D:6      | Killed Pikel
  9857 | D:7      | Found a bloodstained altar of Trog.
 10046 | D:7      | Found a shimmering altar of Xom.
 10230 | D:8      | Reached skill level 5 in Dodging
 10343 | D:8      | Reached skill level 1 in Armour
 11137 | D:9      | Reached *** piety under Cheibriados
 11470 | D:9      | Reached skill level 9 in Air Magic
 12022 | D:9      | Reached **** piety under Cheibriados
 12417 | D:9      | Noticed Maurice
 12433 | D:9      | Killed Maurice
 12433 | D:9      | Reached skill level 5 in Spellcasting
 12730 | D:9      | Found a basalt altar of Yredelemnul.
 12785 | D:9      | Found a white marble altar of Elyvilon.
 12858 | D:9      | Reached skill level 5 in Fighting
 13034 | D:10     | Entered Level 10 of the Dungeon
 13038 | D:10     | Reached XP level 11. HP: 63/63 MP: 19/19
 13127 | D:9      | Reached ***** piety under Cheibriados
 13294 | D:10     | Noticed a green ugly thing
 13563 | D:11     | Found a roughly hewn altar of Beogh.
 13563 | D:11     | Found a staircase to the Orcish Mines.
 13563 | D:11     | Noticed an orc knight
 13576 | D:11     | Reached skill level 10 in Air Magic
 13761 | D:11     | Killed an orc knight
 14130 | D:11     | Found Ceonoowaoc's Antique Armour Boutique.
 14138 | D:11     | Bought a pair of runed gloves for 187 gold pieces
 14143 | D:11     | Bought a buckler for 112 gold pieces
 14401 | Orc:1    | Entered Level 1 of the Orcish Mines
 14406 | Orc:1    | Reached skill level 1 in Shields
 14532 | Orc:1    | Noticed an orc high priest
 14846 | D:10     | Killed a green ugly thing
 14846 | D:10     | Reached skill level 10 in Conjurations
 14914 | D:10     | Noticed an oklob plant
 14916 | D:10     | Found a staircase to the Lair.
 15541 | D:10     | Killed an oklob plant
 15624 | Lair:1   | Entered Level 1 of the Lair of Beasts
 16299 | Lair:1   | Noticed an ice dragon
 16300 | Lair:1   | Reached skill level 11 in Air Magic
 16304 | Lair:1   | Killed from afar by an ice dragon

Illustrated notes

Levels and vault maps discovered:
D:1:      tarquinn_simple_flora_water_b, layout_basic
D:2:      layout_loops_ring, overflow_temple_1_default, lemuel_blue_sif_altar,
          chequers_serial_rivers_micro_b
D:3:      layout_loops_ring, wander_ebering_terrifying_dragon_lair
D:4:      layout_rooms, dancing_weapons_uskayaw, serial_shops, shop
D:5:      layout_basic, gammafunk_temple_overflow_statue, kennysheep_little_box
D:6:      layout_loops_cross, minmay_temple_entry_junction,
          minmay_misc_feat_five
D:7:      layout_rooms, nicolae_overflow_hidden_temple,
          lightli_bailey_entry_fortress, trog_three_pillars_becter,
          uniq_menkaure, uniq_maggie, uniq_pikel
D:8:      layout_gridville
D:9:      layout_big_octagon, kennysheep_ying_yang, serial_gnoll_camp,
          gnoll_camp_mini_doghouse, gnoll_camp_mini_hut, gnoll_camp_huts_basic,
          gnoll_camp_mini_doghouse, gnoll_camp_mini_hut,
          kennysheep_generic_room_7, uniq_maurice
D:10:     layout_cave_pools, dpeg_oklobed_lair, serial_column_ruins,
          column_ruins_columns_corner, column_ruins_open_small_water,
          column_ruins_open_tiny, column_ruins_open_tiny, column_ruins_open_tiny
D:11:     layout_cave_pods, david_orc_5, serial_shops, nicolae_shop_stone,
          uniq_josephine
Temple:   compressed_dpeg_triangle_lava_temple
Lair:1:   dragon1_lemuel, layout_regular_city, minivault_23
Orc:1:    layout_caves

Skill      XL: |  1  2  3  4  5  6  7  8  9 10 11 |
---------------+----------------------------------+-----
Conjurations   | 2 3 4 5 6 7 9 10 | 10.4
Fighting       | 1 2 3 5 |  5.7
Air Magic      | 5 6 7 8 9 11 | 11.0
Dodging        | 3 4 5 6 |  6.0
Spellcasting   | 3 4 5 |  5.9
Invocations    | 3 8 |  8.4
Armour         | 4 |  4.0
Shields        | 4 |  4.0
Stealth        | |  2.4

Action                   |  1- 3 |  4- 6 |  7- 9 | 10-12 || total
-------------------------+-------+-------+-------+-------++-------
Melee: Dagger            |    22 |    55 |    77 |   284 ||   438
       Peck              |     2 |     7 |    14 |    92 ||   115
       Kick              |     2 |    17 |    15 |   160 ||   194
       Great mace        |       |     2 |       |     9 ||    11
       Whip              |       |       |       |     7 ||     7
Throw: Throwing net      |       |       |       |     1 ||     1
 Cast: Shock             |    67 |    78 |   270 |   204 ||   619
       Lightning Bolt    |       |       |    28 |    41 ||    69
Invok: Slouch            |       |       |       |     2 ||     2
       Step From Time    |       |       |       |     1 ||     1
 Abil: Fly               |       |       |     1 |       ||     1
Evoke: Wand              |       |       |       |    19 ||    19
  Use: Scroll            |     1 |     3 |     8 |    10 ||    22
       Potion            |       |       |       |     2 ||     2
 Stab: Sleeping          |       |     4 |     3 |     1 ||     8
Armor: Robe              |     5 |    20 |    42 |     2 ||    69
       Swamp dragon scal |       |       |       |   151 ||   151
Dodge: Dodged            |    14 |    31 |   165 |   433 ||   643
Block: Buckler           |       |       |       |    12 ||    12

Table legend: (Time is in decaauts)
 A = Elapsed time spent in this place.
 B = Non-inter-level travel time spent in this place.
 C = Inter-level travel time spent in this place.
 D = Time resting spent in this place.
 E = Time spent auto-exploring this place.
 F = Levels seen in this place.
 G = Mean time per level.
                   A        B        C        D        E       F      G
               +--------+--------+--------+--------+--------+-----+--------+
         Total |  18037 |  17505 |    532 |   5004 |   9525 |  15 | 1202.5 |
       Dungeon |  15184 |  14665 |    519 |   3401 |   9076 |  11 | 1380.4 |
        Temple |     35 |     23 |     12 |      0 |     15 |   1 |   35.0 |
          Lair |    769 |    769 |      0 |    307 |    313 |   1 |  769.0 |
  Orcish Mines |     15 |     15 |      0 |      0 |      0 |   1 |   15.0 |
        Bailey |   2031 |   2031 |      0 |   1295 |    120 |   1 | 2031.0 |
               +--------+--------+--------+--------+--------+-----+--------+

Top non-repeatable levels by time:
     D:9: 2288 daAuts
     D:6: 2040 daAuts
  Bailey: 2031 daAuts
     D:5: 1908 daAuts
    D:11: 1855 daAuts
     D:8: 1455 daAuts
     D:2: 1072 daAuts
    D:10: 1062 daAuts
     D:1: 1054 daAuts
     D:7: 1021 daAuts
     D:4: 813 daAuts
  Lair:1: 769 daAuts
     D:3: 612 daAuts
  Temple: 35 daAuts
   Orc:1: 15 daAuts
